 Dungeon Crawl Stone Soup version 0.25.1-2-g60ff931df9 (webtiles) character file.

Game seed: 1126509547776869232

57162 funkygono the Basher (level 14, -4/127 HPs)
             Began as a Minotaur Gladiator on Nov 9, 2020.
             Was an Elder of the Shining One.
             Killed by divine providence
             ... invoked by Saint Roka
              (13 damage)
             ... on level 2 of the Orcish Mines on Nov 11, 2020.
             The game lasted 00:58:15 (23505 turns).

funkygono the Basher (Minotaur Gladiator)          Turns: 23505, Time: 00:58:16

Health: -4/127     AC: 30    Str: 22    XL:     14   Next: 44%
Magic:  13/16      EV: 20    Int:  5    God:    the Shining One [****..]
Gold:   2029       SH:  7    Dex: 19    Spells: 13/13 levels left

rFire    . . .     SeeInvis .   a - +3 dire flail (protect)
rCold    + + +     Gourm    .   (shield currently unavailable)
rNeg     + + +     Faith    +   w - +1 ice dragon scales "Qoiff" {rPois rF- rC++ rN+ Str-3 Dex+2}
rPois    +         Spirit   .   c - +2 hat
rElec    +         Reflect  .   P - +0 cloak
rCorr    +         Harm     .   B - +1 pair of gloves
MR       +....                  e - +1 pair of boots
Stlth    ..........             E - amulet of faith
HPRegen  0.31/turn              j - +4 ring of evasion
MPRegen  0.15/turn              n - +6 ring of dexterity

@: divine shield, resistant, protection aura, glowing
A: retaliatory headbutt, horns 2
a: Divine Shield, Cleansing Flame, Renounce Religion


You were on level 2 of the Orcish Mines.
You worshipped the Shining One.
The Shining One was greatly pleased with you.
You were not hungry.

You visited 4 branches of the dungeon, and saw 20 of its levels.

You collected 2029 gold pieces.

Inventory:

Hand Weapons
 a - a +3 dire flail of protection (weapon)
 b - a +1 arbalest
 M - a +2 whip of freezing
Missiles
 h - 37 bolts
Armour
 c - a +2 hat (worn)
 e - a +1 pair of boots (worn)
 o - a +0 kite shield
 w - the +1 ice dragon scales "Qoiff" (worn) {rPois rF- rC++ rN+ Str-3 Dex+2}
   (You found it on level 6 of the Lair of Beasts)

   It affects your strength (-3).
   It affects your dexterity (+2).
   It makes you vulnerable to fire.
   It greatly protects you from cold.
   It protects you from poison.
   It protects you from negative energy.
 x - a scarf of resistance
 B - a +1 pair of gloves (worn)
 P - a +0 cloak (worn)
Jewellery
 j - a +4 ring of evasion (left hand)
 n - a +6 ring of dexterity (right hand)
 E - an amulet of faith (around neck)
Wands
 t - a wand of flame (30)
 A - a wand of acid (13)
 D - a wand of iceblast (8)
 I - a wand of digging (4)
Scrolls
 g - 12 scrolls of remove curse
 k - 3 scrolls of identify
 y - 3 scrolls of teleportation
 F - 6 scrolls of fear
 K - 2 scrolls of blinking
 L - 4 scrolls of amnesia
 O - 3 scrolls of magic mapping
Potions
 d - 5 potions of curing
 i - 2 potions of brilliance
 l - 3 potions of mutation
 m - 4 potions of lignification
 q - 2 potions of resistance
 r - a potion of heal wounds
 s - 2 potions of magic
 v - a potion of flight
Comestibles
 f - 30 rations
 p - 5 chunks of flesh


   Skills:
 + Level 12.6 Fighting
 + Level 14.7 Maces & Flails
   Level 5.4(5.6) Slings
 + Level 14.5 Crossbows
 - Level 2.0(3.7) Throwing
 + Level 11.7 Armour
 + Level 8.6 Dodging
 + Level 3.6 Shields
 + Level 4.0 Invocations
 + Level 1.8 Evocations


You had 13 spell levels left.
You didn't know any spells.
Your spell library contained the following spells:

 Spells                   Type           Power        Failure   Level  Hunger
 Animate Skeleton         Necr           N/A          80%         1    ##.....
 Apportation              Tloc           #.....       80%         1    ##.....
 Corona                   Hex            #......      80%         1    ##.....
 Freeze                   Ice            #...         80%         1    ##.....
 Infusion                 Chrm           #...         80%         1    ##.....
 Magic Dart               Conj           #...         80%         1    ##.....
 Pain                     Necr           #...         80%         1    ##.....
 Summon Butterflies       Summ           #.......     80%         1    ##.....
 Summon Small Mammal      Summ           #...         80%         1    ##.....
 Blink                    Tloc           N/A          90%         2    ###....
 Call Imp                 Summ           #.......     90%         2    ###....
 Shroud of Golubria       Chrm/Tloc      #.....       90%         2    ###....
 Slow                     Hex            #.......     90%         2    ###....
 Song of Slaying          Chrm           #.......     90%         2    ###....
 Conjure Flame            Conj/Fire      #.......     99%         3    ####...
 Frozen Ramparts          Ice            #.....       99%         3    ####...
 Gell's Gravitas          Tloc           #.........   99%         3    ####...
 Ignite Poison            Fire/Tmut/Pois #.......     99%         3    ####...
 Lesser Beckoning         Tloc           #.........   99%         3    ####...
 Mephitic Cloud           Conj/Pois/Air  #.......     99%         3    ####...
 Ozocubu's Armour         Chrm/Ice       #.......     99%         3    ####...
 Portal Projectile        Hex/Tloc       #.....       99%         3    ####...
 Spectral Weapon          Hex/Chrm       #.......     99%         3    ####...
 Tukima's Dance           Hex            #.......     99%         3    ####...
 Vampiric Draining        Necr           #.........   99%         3    ####...
 Animate Dead             Necr           N/A          100%        4    #####..
 Hailstorm                Conj/Ice       #.......     100%        4    #####..
 Summon Ice Beast         Ice/Summ       #.......     100%        4    #####..
 Summon Lightning Spire   Summ/Air       #.......     100%        4    #####..
 Agony                    Necr           #.......     100%        5    ######.
 Alistair's Intoxication  Tmut/Pois      #.......     100%        5    ######.
 Fireball                 Conj/Fire      #.........   100%        5    ######.
 Silence                  Hex/Air        #.........   100%        5    ######.
 Conjure Ball Lightning   Conj/Air       #.........   100%        6    #######
 Dispersal                Tloc           #.........   100%        6    #######
 Invisibility             Hex            #.......     100%        6    #######
 Starburst                Conj/Fire      #.........   100%        6    #######
 Ring of Flames           Chrm/Fire      #.........   100%        7    #######
 Controlled Blink         Tloc           N/A          100%        8    #######
 Disjunction              Tloc           #.........   100%        8    #######
 Ignition                 Fire           #.........   100%        8    #######
 Tornado                  Air            #.........   100%        9    #######


Dungeon Overview and Level Annotations

Branches:
Dungeon (11/15)            Temple (1/1) D:7            Lair (6/6) D:11
  Swamp (0/4) Lair:4       Spider (0/4) Lair:3        Slime (0/5) Lair:6
    Orc (2/2) D:11            Elf (0/3) Orc:2

Altars:
Ashenzari
Cheibriados
Dithmenos
Elyvilon
Fedhas
Gozag
Hepliaklqana
Kikubaaqudgha
Makhleb
Nemelex Xobeh
Okawaru
Qazlal
Ru
Sif Muna
Trog
Uskayaw
Vehumet
Wu Jian
Xom
Yredelemnul
Zin
The Shining One
Beogh
Jiyva

Shops:
D:5 (![%   Orc:2 %([

Annotations:
Lair:4 3 runed translucent doors, Kyusiynim's ghost, journeyman GnEn
Orc:2 Saint Roka


Innate Abilities, Weirdness & Mutations

You reflexively headbutt those who attack you in melee.
You have a pair of horns on your head.


Message History

The orc warrior closely misses you.
You barely miss the orc warrior.
The orc warrior is lightly wounded.
You sock the orc warrior!
The orc warrior is heavily wounded.
The orc priest begins to cast a cantrip, but forgets the words!
The orc warrior closely misses you.
You sock the orc warrior!
You kill the orc warrior!
You puncture the orc warrior!
The orc warrior is heavily wounded.
The orc warrior hits you with a +0 scimitar.
* * * LOW HITPOINT WARNING * * *
You puncture the orc warrior! You headbutt the orc warrior.
The orc warrior is almost dead.
The orc warrior no longer looks unusually strong.
The orc priest miscasts a cantrip.
Saint Roka invokes the aid of Beogh against you.
Beogh smites you!
You die...

## ##### #.##.#.## ........##
....#...# ooo.....## #ooT#....#
#oo###..## #o##.#...### #
#@#...#.##.## ### ##..#...<....#
##.. ................####...
####....#.......##..... ##
##.##.......##...... .##.## ###
##......#....#..
.....#########.###......#...#....
.##....##.#...........^..........
.##........#####........##.......


You could see Saint Roka, a troll, an orc warrior, 2 orc priests and 4 orcs.

Vanquished Creatures
  Nessos (Lair:6)
  The ghost of Ragnag the Fighter, a journeyman MfVM of Sif Muna (D:10)
  8 hydras
  A merfolk avatar (Lair:6)
  2 death yaks (Lair:5)
  An ogre mage (D:10)
  A two-headed ogre (D:11)
  2 orc high priests (Orc:2)
  2 sea snakes
  Pikel (D:7)
  An orc knight (Orc:2)
  A deep elf mage (D:10)
  2 oklob plants
  An orc sorcerer (Orc:2)
  A cyclops (D:11)
  A manticore (D:11)
  11 elephants
  2 black mambas
  The ghost of Cael the Chopper, a novice HOMo of Beogh (D:4)
  14 spiny frogs
  A torpor snail (Lair:6)
  3 rime drakes (Lair:6)
  11 komodo dragons
  2 trolls
  A wind drake (Lair:6)
  5 polar bears
  10 hippogriffs
  3 bog bodies (Lair:4)
  10 dream sheep
  A spriggan (D:11)
  Sigmund (D:6)
  A human (D:11)
  2 redbacks (Lair:3)
  55 yaks
  2 basilisks
  6 wyverns
  2 steam dragons
  Edmund (D:4)
  A swamp worm (Lair:4)
  2 wargs
  10 porcupines
  13 water moccasins
  3 sky beasts
  19 orc warriors
  2 slaves (D:7)
  An eye of draining (D:11)
  A necrophage (D:11)
  2 ice beasts
  A phantom (D:11)
  8 ogres
  6 centaurs
  23 wolves
  7 crocodiles
  3 big kobolds (D:4)
  8 bullfrogs
  A wyvern zombie (D:10)
  2 scorpions
  3 killer bees (D:7)
  An electric eel (Lair:4)
  A howler monkey (D:5)
  8 crimson imps
  11 hounds
  2 jellies
  18 orc wizards
  14 orc priests
  2 centaur skeletons
  2 iguanas
  A gnoll shaman (D:6)
  12 worker ants
  6 hell rats (Lair:3)
  5 wolf simulacra (Lair:2)
  4 polar bear simulacra (Lair:2)
  2 hound skeletons
  A howler monkey zombie (D:11)
  2 worker ant zombies
  15 gnolls
  14 adders
  An ooze (D:2)
  A worm zombie (D:4)
  2 adder skeletons
  3 dart slugs
  6 leopard geckos
  87 orcs
  6 giant cockroaches
  31 goblins
  25 hobgoblins
  9 jackals
  4 quokkas
  2 ball pythons
  4 bats
  7 frilled lizards
  A hobgoblin zombie (D:4)
  A jackal zombie (D:6)
  13 kobolds
  A quokka zombie (D:6)
  11 rats
  2 river rat simulacra (Lair:2)
  A fungus (Lair:2)
  4 plants
631 creatures vanquished.

Vanquished Creatures (others)
  A necromancer (Lair:2)
  A wolf (Lair:3)
  An adder (D:10)
  A bush (Lair:6)
  21 fungi
  20 plants (Lair:6)
45 creatures vanquished.

Grand Total: 676 creatures vanquished

Notes
Turn   | Place    | Note
-------+----------+-------------------------------------------
     0 | D:1      | funkygono the Minotaur Gladiator began the quest for the
                  | Orb.
     0 | D:1      | Reached XP level 1. HP: 18/18 MP: 0/0
   113 | D:1      | Reached XP level 2. HP: 23/25 MP: 1/1
   680 | D:2      | Reached XP level 3. HP: 30/30 MP: 2/2
   935 | D:2      | Reached XP level 4. HP: 38/38 MP: 3/3
  1149 | D:2      | Reached skill level 5 in Maces & Flails
  1149 | D:2      | Reached skill level 1 in Armour
  1181 | D:2      | Reached XP level 5. HP: 16/45 MP: 4/4
  1927 | D:3      | Found an ornate altar of the Wu Jian Council.
  2448 | D:4      | Noticed an ogre
  2458 | D:4      | Killed an ogre
  2458 | D:4      | Reached skill level 1 in Slings
  2458 | D:4      | Reached XP level 6. HP: 45/52 MP: 5/5
  3040 | D:4      | Found a runed translucent gate.
  3041 | D:4      | Found a runed translucent gate.
  3041 | D:4      | Found a runed translucent gate.
  3043 | D:4      | Noticed Cael's ghost (novice HOMo)
  3070 | D:4      | Noticed Edmund
  3085 | D:4      | Killed Edmund
  3085 | D:4      | Reached skill level 1 in Shields
  3085 | D:4      | Reached XP level 7. HP: 35/59 MP: 6/6
  4342 | D:5      | Entered Level 5 of the Dungeon
  4487 | D:5      | Reached XP level 8. HP: 67/67 MP: 7/7
  4547 | D:5      | Found Xurghouh's Weapon Shop.
  4765 | D:5      | Reached skill level 5 in Fighting
  4832 | D:5      | Found Vimo's Distillery.
  4902 | D:5      | Found Wicannop's Armour Boutique.
  5043 | D:5      | Reached skill level 5 in Slings
  5046 | D:5      | Reached skill level 1 in Crossbows
  5291 | D:5      | Found Huis's Food Shoppe.
  5798 | D:6      | Noticed Sigmund
  5805 | D:6      | Killed Sigmund
  6121 | D:7      | Reached XP level 9. HP: 74/75 MP: 8/8
  6139 | D:7      | Reached skill level 5 in Crossbows
  6506 | D:7      | Noticed Pikel
  6549 | D:7      | Killed Pikel
  6549 | D:7      | Reached skill level 5 in Dodging
  6876 | D:7      | Found a staircase to the Ecumenical Temple.
  6882 | Temple   | Entered the Ecumenical Temple
  7127 | Temple   | Became a worshipper of the Shining One
  7737 | D:8      | Reached XP level 10. HP: 82/84 MP: 9/9
  8073 | D:9      | Got an opalescent robe
  8523 | D:9      | Identified the +2 robe of Tenacity {rElec rCorr Dex+4} (You
                  | found it on level 9 of the Dungeon)
  8526 | D:10     | Entered Level 10 of the Dungeon
  8531 | D:10     | Found a stormy altar of Qazlal.
  8569 | D:10     | Reached skill level 5 in Armour
  8573 | D:10     | Reached skill level 10 in Crossbows
  8817 | D:10     | Reached * piety under the Shining One
  9155 | D:10     | Found a runed translucent door.
  9169 | D:10     | Noticed Ragnag's ghost (journeyman MfVM)
  9169 | D:10     | Noticed an ogre mage
  9433 | D:10     | Noticed a deep elf mage
  9453 | D:10     | Killed a deep elf mage
  9894 | D:10     | Killed an ogre mage
  9903 | D:10     | Killed Ragnag's ghost
  9903 | D:10     | Reached skill level 10 in Maces & Flails
  9903 | D:10     | Reached XP level 11. HP: 77/94 MP: 10/10
 10719 | D:11     | Reached ** piety under the Shining One
 10881 | D:11     | Found a staircase to the Orcish Mines.
 11088 | D:11     | Noticed a four-headed hydra
 11098 | D:11     | Killed a four-headed hydra
 11504 | D:11     | Noticed a two-headed ogre
 11511 | D:11     | Killed a two-headed ogre
 11615 | D:11     | Found a staircase to the Lair.
 11788 | Lair:1   | Entered Level 1 of the Lair of Beasts
 11857 | Lair:1   | Found a stormy altar of Qazlal.
 11859 | Lair:1   | Noticed an oklob plant
 11871 | Lair:1   | Killed an oklob plant
 12270 | Lair:1   | Reached XP level 12. HP: 103/105 MP: 11/11
 12944 | Lair:2   | Noticed a five-headed hydra
 12948 | Lair:2   | Killed a five-headed hydra
 12968 | Lair:2   | Reached skill level 10 in Fighting
 13610 | Lair:2   | Noticed a four-headed hydra
 13615 | Lair:2   | Killed a four-headed hydra
 14544 | Lair:2   | Reached *** piety under the Shining One
 14742 | Lair:3   | Got a pitted shortbow
 14791 | Lair:3   | Found a hide-covered altar of Uskayaw.
 15143 | Lair:3   | Found a hole to the Spider Nest.
 15356 | Lair:3   | Noticed a four-headed hydra
 15360 | Lair:3   | Killed a four-headed hydra
 15743 | Lair:3   | Identified the +5 shortbow of the Shallot {flame, +Inv rC+
                  | Str+2 Int+4} (You found it on level 3 of the Lair of
                  | Beasts)
 15831 | Lair:4   | Found a runed translucent gate.
 15832 | Lair:4   | Found a runed translucent gate.
 15833 | Lair:4   | Found a runed translucent gate.
 15833 | Lair:4   | Noticed Kyusiynim's ghost (journeyman GnEn)
 15834 | Lair:4   | Reached **** piety under the Shining One
 15956 | Lair:4   | Reached XP level 13. HP: 78/116 MP: 12/12
 16266 | Lair:4   | Found a staircase to the Swamp.
 16332 | Lair:4   | Reached skill level 1 in Evocations
 16862 | Lair:5   | Reached skill level 1 in Invocations
 17809 | Lair:6   | Entered Level 6 of the Lair of Beasts
 17975 | Lair:6   | Noticed Nessos
 18337 | Lair:6   | Killed Nessos
 18337 | Lair:6   | Reached skill level 10 in Armour
 19226 | Lair:6   | Reached XP level 14. HP: 109/126 MP: 12/15
 19417 | Lair:6   | Found a staircase to the Slime Pits.
 19417 | Lair:6   | Found a viscous altar of Jiyva.
 19514 | Lair:6   | Got ichor-stained ice dragon scales
 19516 | Lair:6   | Got a scorched scimitar
 20861 | D:4      | Killed Cael's ghost
 21209 | Lair:6   | Identified the +5 scimitar of Muahaman {drain, MR+ Dex+4}
                  | (You found it on level 6 of the Lair of Beasts)
 21228 | Lair:6   | Identified the +1 ice dragon scales "Qoiff" {rPois rF- rC++
                  | rN+ Str-3 Dex+2} (You found it on level 6 of the Lair of
                  | Beasts)
 21693 | Orc:1    | Entered Level 1 of the Orcish Mines
 22024 | Orc:2    | Entered Level 2 of the Orcish Mines
 22304 | Orc:2    | Found a roughly hewn altar of Beogh.
 22363 | Orc:2    | Noticed Saint Roka
 22683 | Orc:2    | Found a staircase to the Elven Halls.
 22709 | Orc:2    | Found a roughly hewn altar of Beogh.
 22753 | Orc:2    | Found a roughly hewn altar of Beogh.
 22798 | Orc:2    | Found Emeace's Food Shoppe.
 22856 | Orc:2    | Found a shimmering blue altar of Sif Muna.
 23205 | Orc:2    | Found Geyl Fiu's Antique Weapon Emporium.
 23207 | Orc:2    | Found a roughly hewn altar of Beogh.
 23221 | Orc:2    | Found Tied's Antique Armour Shoppe.
 23401 | Orc:2    | Found a roughly hewn altar of Beogh.
 23505 | Orc:2    | Killed from afar by Saint Roka

Illustrated notes

Levels and vault maps discovered:
D:1:      shiori_arrival_elements, layout_basic
D:2:      cheibrodos_pilgrimage, layout_loops_ring, chequers_garden
D:3:      layout_loops_ring, nicolae_overflow_crystal_walls
D:4:      minmay_goblin_kobold_castle, layout_loops_corners,
          gammafunk_ghost_necromancy, enter_ossuary_3, uniq_edmund
D:5:      layout_basic, serial_shops, nicolae_shop_behind_doors, shop, shop,
          nicolae_shop_crystal, first_ration
D:6:      layout_rooms, uniq_sigmund
D:7:      layout_rooms, minmay_temple_entry_fiery, minmay_misc_feat_chi,
          uniq_pikel
D:8:      layout_cave_pools
D:9:      layout_irregular_city
D:10:     layout_long_grid, ebering_ghost_inner_flame, basic_altar
D:11:     layout_basic, erik_lair_dragon, hiddenorc1_lemuel,
          hangedman_stone_soup
Temple:   nicolae_temple_the_god_donut
Lair:1:   layout_hall_layers, cheibrodos_lair_caveside_slide,
          grunt_forest_stairs_basic, lemuel_oklob_altar
Lair:2:   beast_lair_carwin_large_4, layout_cave_pods, eino_house_with_fridge,
          serial_bayou_shore_b
Lair:3:   layout_gridlike, spider_nest_entry_webs, basic_altar,
          lemuel_another_geyser
Lair:4:   layout_hall_layers, nicolae_swamp_entry_splash_gauntlet,
          gammafunk_ghost_split, infiniplex_staircase_pool_2
Lair:5:   layout_gridlike, beast_lair_carwin_3, grunt_megastairs_2
Lair:6:   gammafunk_lair_ancient_temple, layout_cave_pods, slime_altar_1,
          uniq_nessos
Orc:1:    layout_diamond_mine
Orc:2:    grunt_orc_community_town_hall, layout_caves,
          grunt_orc_community_big_house_1, grunt_orc_community_big_house_2,
          grunt_orc_community_house_3, grunt_orc_community_house_1,
          grunt_orc_community_house_1, grunt_orc_community_house_1, led_sif_book

Skill      XL: |  1  2  3  4  5  6  7  8  9 10 11 12 13 14 |
---------------+-------------------------------------------+-----
Maces & Flails | 4 5 6 7 8 10 12 13 14 | 14.7
Fighting       | 3 4 5 6 7 9 11 12 | 12.6
Dodging        | 4 5 6 8 |  8.6
Armour         | 1 2 3 4 6 7 8 10 11 | 11.7
Slings         | 1 2 4 5 |  5.4
Shields        | 1 2 3 |  3.6
Crossbows      | 4 9 11 12 13 14 | 14.5
Evocations     | 1 |  1.8
Invocations    | 3 4 |  4.0
Throwing       | |  2.0

Action                   |  1- 3 |  4- 6 |  7- 9 | 10-12 | 13-15 || total
-------------------------+-------+-------+-------+-------+-------++-------
Melee: Flail             |    69 |   115 |    66 |       |       ||   250
       Headbutt          |    10 |    28 |    39 |    72 |   134 ||   283
       Dire flail        |       |       |    78 |   300 |   437 ||   815
       Mace              |       |       |     1 |       |       ||     1
 Fire: Hunting sling     |       |    48 |    80 |       |       ||   128
       Arbalest          |       |       |   169 |   305 |   261 ||   735
Throw: Throwing net      |       |     2 |       |       |       ||     2
Invok: Divine Shield     |       |       |       |     2 |     8 ||    10
       Cleansing Flame   |       |       |       |       |     1 ||     1
Evoke: Wand              |       |       |       |     2 |       ||     2
  Use: Scroll            |     4 |     5 |    10 |    12 |     1 ||    32
       Potion            |       |       |       |       |     8 ||     8
  Eat: Chunk             |       |     4 |    11 |    25 |    15 ||    55
       Ration            |       |     1 |     1 |       |     3 ||     5
Armor: Leather armour    |     1 |       |       |       |       ||     1
       Scale mail        |    13 |    19 |       |       |       ||    32
       Chain mail        |       |       |    85 |       |       ||    85
       Ring mail         |       |       |       |    48 |       ||    48
       Plate armour      |       |       |       |    69 |   140 ||   209
       Ice dragon scales |       |       |       |       |    27 ||    27
Dodge: Dodged            |    60 |    75 |   137 |   243 |   289 ||   804
Block: Kite shield       |       |    30 |    57 |       |       ||    87
       Other             |       |       |       |     7 |    47 ||    54
